[Event "French Top 16-A 2024"]
[Site "Chartres"]
[Date "2024.06.02"]
[Round "4.13"]
[White "Delorme, Axel"]
[Black "Solakian-Van Eyll, Jerome"]
[Result "1/2-1/2"]
[ECO "E01"]
[WhiteElo "2489"]
[BlackElo "2247"]
[Annotator "TA"]
[PlyCount "160"]
[EventDate "2024.06.01"]
[EventType "team-tourn"]
[EventCountry "FRA"]
[SourceTitle "playchess.com"]
[Source "ChessBase"]
[SourceQuality "1"]
[TimeControl "40/5400+30:1800+30"]

1. d4 d5 2. c4 e6 3. Nf3 Nf6 4. g3 Bd6 5. Nbd2 O-O 6. Bg2 b6 7. O-O Bb7 8. e4 dxe4 9. Ng5 Nc6 10. Ndxe4 Be7 11. Be3 h6 12. Nxf6+ Bxf6 13. Nf3 Ne7 14. Qe2 Nf5 15. Rad1 Qe7 16. Rd2 Rad8 17. Rfd1 c5 18. dxc5 Nxe3 (18... Bxf3 {simplifies} 19. Bxf3 Nxe3 20. Rxd8 Rxd8 21. Rxd8+ Qxd8 22. cxb6 Qxb6 23. Qxe3 Qxe3 24. fxe3 Bxb2 25. Bc6 Kf8) 19. fxe3 (19. Qxe3 $11 {keeps the balance.} Bxf3 20. Rxd8 Bxd1 21. Rxd1 bxc5 22. b3) 19... Bxf3 $17 20. Bxf3 Qxc5 (20... bxc5 $2 21. b3 $17) 21. Rd7 a5 22. b3 Rxd7 23. Rxd7 Rd8 24. Rxd8+ Bxd8 25. Qd3 Bf6 26. Kf2 Qa3 27. Qc2 g6 28. Be4 Kg7 29. Qd2 h5 30. h4 Bb2 31. Bb1 Be5 32. Be4 Qe7 33. Qd1 Qc7 34. Qf3 Qd6 35. Kg2 Qd2+ 36. Qf2 Qd6 37. Qf3 $1 Qd2+ 38. Qf2 Qc1 39. Bc6 Qd1 40. Be8 Bf6 41. Bc6 Qd6 42. Bb7 Be5 43. Bf3 Qc7 44. Qe1 a4 45. bxa4 Qxc4 46. Qd2 Qxa4 47. Bd1 Qa8+ 48. Bf3 Qb8 49. Qf2 Qd6 50. Be4 Qc5 51. Qe2 Qc3 52. Bd3 Bd6 53. Ba6 Bc5 54. Bd3 Qe5 55. e4 Qd4 56. Kh3 Qg1 57. Qf1 Qe3 58. Qe2 Qc1 59. Qf1 Qb2 60. Qe2 Qe5 ({Black should play} 60... Qa1 $17 61. Qg2 Bd6) 61. Qf3 ({White has to play} 61. Kg2 $1 $11) 61... Bd6 $17 62. Qg2 Qa1 63. Bf1 Qe1 64. Bd3 Be5 65. Bc4 Qd1 66. Be2 Qe1 67. Bc4 $1 Qe3 68. Bb3 Kh6 69. Bd1 Kg7 70. Bb3 $1 Kg8 71. Bd1 Kf8 72. Qf3 Qg1 73. Bb3 Kg7 74. Qg2 Qe3 75. Bd1 b5 76. Qf3 Qg1 77. Bb3 Qe1 78. Qg2 Qe3 79. Bd1 Kg8 80. Qf3 Qxf3 (80... Qg1 $17 81. Bb3 b4) 1/2-1/2

[Event "French Top 16-A 2024"]
[Site "Chartres"]
[Date "2024.06.02"]
[Round "4.13"]
[White "Tahay, Alexis"]
[Black "Flom, Gabriel"]
[Result "0-1"]
[ECO "C41"]
[WhiteElo "2376"]
[BlackElo "2431"]
[Annotator "RC"]
[PlyCount "82"]
[EventDate "2024.06.01"]
[EventType "team-tourn"]
[EventCountry "FRA"]
[SourceTitle "playchess.com"]
[Source "ChessBase"]
[SourceQuality "1"]
[TimeControl "40/5400+30:1800+30"]

1. e4 d6 2. d4 Nf6 3. Nc3 e5 4. Nf3 Nbd7 5. Bc4 Be7 6. O-O O-O 7. a4 c6 8. a5 h6 9. Qe2 exd4 10. Nxd4 Re8 11. f3 d5 12. exd5 Bc5 13. Qd1 Ne5 14. Be2 cxd5 15. Kh1 a6 16. Nb3 Ba7 17. Ra4 Bd7 18. Rb4 Nc6 19. Rxb7 Bc8 20. Rxa7 Rxa7 21. Bd2 Bf5 22. Na4 d4 23. Re1 Rae7 24. Nac5 Bxc2 25. Qxc2 Rxe2 26. Rxe2 Rxe2 27. Qd3 Qe7 28. Kg1 Re5 29. Qc4 Rd5 30. Ne4 Rb5 31. Nec5 Qa7 32. Nd3 Ne5 33. Qc8+ Kh7 34. Ndc5 Ned7 35. Nxd7 Qxd7 36. Qc4 Qd5 37. Qd3+ Kg8 38. Nxd4 Rxb2 39. Bc3 Rb3 40. Qc2 Rb8 41. Qe2 Qc5 0-1

[Event "French Top 16-A 2024"]
[Site "Chartres"]
[Date "2024.06.02"]
[Round "4.14"]
[White "Belkaid, Sohan"]
[Black "Lemonnier, Remi"]
[Result "1-0"]
[ECO "B33"]
[WhiteElo "2412"]
[BlackElo "2022"]
[Annotator "RC"]
[PlyCount "61"]
[EventDate "2024.06.01"]
[EventType "team-tourn"]
[EventCountry "FRA"]
[SourceTitle "playchess.com"]
[Source "ChessBase"]
[SourceQuality "1"]
[TimeControl "40/5400+30:1800+30"]

1. e4 c5 2. Nf3 Nc6 3. d4 cxd4 4. Nxd4 Nf6 5. Nc3 e5 6. Ndb5 d6 7. Bg5 a6 8. Na3 b5 9. Nab1 Ne7 10. a3 h6 11. Bxf6 gxf6 12. Be2 Be6 13. Bg4 Rg8 14. Bxe6 fxe6 15. Qh5+ Ng6 16. Nd2 Kf7 17. g3 d5 18. exd5 exd5 19. Qf3 e4 20. Qh5 Rc8 21. Rd1 e3 22. fxe3 Kg7 23. Nde4 Ne5 24. O-O Bc5 25. Rxd5 Bxe3+ 26. Kg2 Qe7 27. Nxf6 Rxc3 28. bxc3 Bg5 29. Nxg8 Qb7 30. Rfd1 Nc4 31. Kh3 1-0

[Event "French Top 16-A 2024"]
[Site "Chartres"]
[Date "2024.06.02"]
[Round "4.14"]
[White "Rottenwohrer Suarez, Juan"]
[Black "Benitah, Yohan"]
[Result "1-0"]
[ECO "D16"]
[WhiteElo "2322"]
[BlackElo "2342"]
[Annotator "RC"]
[PlyCount "71"]
[EventDate "2024.06.01"]
[EventType "team-tourn"]
[EventCountry "FRA"]
[SourceTitle "playchess.com"]
[Source "ChessBase"]
[SourceQuality "1"]
[TimeControl "40/5400+30:1800+30"]

1. d4 d5 2. c4 c6 3. Nf3 Nf6 4. Nc3 dxc4 5. a4 e6 6. e3 c5 7. Bxc4 cxd4 8. exd4 Be7 9. O-O O-O 10. Qe2 Nc6 11. Rd1 Nb4 12. Bg5 Re8 13. Ne5 Nfd5 14. Bd2 Rf8 15. Rac1 Nf6 16. Bf4 a6 17. Bb3 Nfd5 18. Bg3 Bg5 19. Ra1 Be7 20. h3 b6 21. Nxd5 exd5 22. Rac1 Bb7 23. Ng4 Bd6 24. Be5 f6 25. Bxd6 Qxd6 26. Ne3 g6 27. Qg4 Kh8 28. h4 Rae8 29. h5 Re4 30. Qh3 Kg7 31. Rc3 Re7 32. Re1 Bc6 33. hxg6 Kh8 34. g7+ Rxg7 35. Nf5 Bd7 36. Nxd6 1-0

[Event "French Top 16-A 2024"]
[Site "Chartres"]
[Date "2024.06.02"]
[Round "4.15"]
[White "Mathieu, Phileas"]
[Black "Delorme, Laurie"]
[Result "1-0"]
[ECO "C70"]
[WhiteElo "2302"]
[BlackElo "2075"]
[Annotator "RC"]
[PlyCount "103"]
[EventDate "2024.06.01"]
[EventType "team-tourn"]
[EventCountry "FRA"]
[SourceTitle "playchess.com"]
[Source "ChessBase"]
[SourceQuality "1"]
[TimeControl "40/5400+30:1800+30"]

1. e4 e5 2. Nf3 Nc6 3. Bb5 a6 4. Ba4 Bc5 5. Nc3 b5 6. Bb3 d6 7. d3 h6 8. Nd5 Na5 9. Be3 Nxb3 10. axb3 Bxe3 11. Nxe3 c5 12. O-O Ne7 13. Qe1 O-O 14. b4 f5 15. exf5 Nxf5 16. bxc5 Nd4 17. Nd2 d5 18. f3 Qc7 19. b4 Be6 20. Rb1 Rae8 21. c4 dxc4 22. dxc4 bxc4 23. Nexc4 Nc2 24. Qxe5 Qxe5 25. Nxe5 Bf5 26. Ndc4 Ne3 27. Ra1 Nxf1 28. Kxf1 Rf6 29. Kf2 Rb8 30. Nb6 Rfxb6 31. cxb6 Rxb6 32. g4 Be6 33. h4 Kf8 34. h5 Ke7 35. Kg3 Kd6 36. f4 Kd5 37. Rd1+ Ke4 38. Nd3 Kd4 39. Nc5+ Kc4 40. Nxe6 Rxe6 41. Rd7 Kxb4 42. Rxg7 a5 43. g5 a4 44. Rb7+ Kc4 45. Ra7 hxg5 46. fxg5 Re3+ 47. Kf4 Ra3 48. h6 Kd5 49. Kf5 Ra1 50. h7 Rh1 51. Kg6 a3 52. Rxa3 1-0

[Event "French Top 16-A 2024"]
[Site "Chartres"]
[Date "2024.06.02"]
[Round "4.15"]
[White "Delay, Guillaume"]
[Black "Macon, Arthur"]
[Result "0-1"]
[ECO "B14"]
[WhiteElo "2043"]
[BlackElo "2352"]
[Annotator "RC"]
[PlyCount "140"]
[EventDate "2024.06.01"]
[EventType "team-tourn"]
[EventCountry "FRA"]
[SourceTitle "playchess.com"]
[Source "ChessBase"]
[SourceQuality "1"]
[TimeControl "40/5400+30:1800+30"]

1. e4 c6 2. d4 d5 3. exd5 cxd5 4. c4 Nf6 5. Nc3 e6 6. Nf3 Bb4 7. cxd5 Nxd5 8. Bd2 O-O 9. Bd3 Nc6 10. O-O Be7 11. a3 Bf6 12. Qc2 h6 13. Nxd5 exd5 14. Bc3 Qb6 15. Qa4 Bd7 16. Bb5 Rfe8 17. Rfe1 Re4 18. Bxc6 Bxc6 19. Qc2 Rae8 20. Ne5 Bxe5 21. dxe5 Rg4 22. Kh1 d4 23. f3 Rg5 24. Bd2 Rgxe5 25. Rxe5 Rxe5 26. Bf4 Re8 27. Qf2 d3 28. Qxb6 axb6 29. h4 Ba4 30. b3 Bxb3 31. Rb1 Bd5 32. Kh2 Re2 33. Kg3 f6 34. Rd1 Bc4 35. Bd6 h5 36. Bf4 b5 37. Rd2 Re6 38. Rf2 Kf7 39. Bd2 Bb3 40. Bb4 Bc2 41. Kf4 Re5 42. g4 hxg4 43. fxg4 Re4+ 44. Kg3 Ke6 45. g5 f5 46. Bd2 g6 47. Rf4 Re5 48. Rd4 Rd5 49. Rxd5 Kxd5 50. Kf4 Bd1 51. Ke3 Kc4 52. Bb4 Be2 53. Be1 Kb3 54. h5 Bxh5 55. Kxd3 Kxa3 56. Bg3 b4 57. Bd6 Ka4 58. Kc2 Be2 59. Kd2 Bf1 60. Kc2 Kb5 61. Kb3 Bc4+ 62. Kc2 Be2 63. Kb3 Bd1+ 64. Kb2 Kc4 65. Kc1 Ba4 66. Kd2 b3 67. Be5 Kd5 68. Bb2 Ke4 69. Kc3 f4 70. Kb4 f3 0-1

[Event "French Top 16-A 2024"]
[Site "Chartres"]
[Date "2024.06.02"]
[Round "4.16"]
[White "Zienkiewicz, Jan"]
[Black "Hejazipour, Mitra"]
[Result "1/2-1/2"]
[ECO "B90"]
[WhiteElo "2164"]
[BlackElo "2376"]
[Annotator "RC"]
[PlyCount "92"]
[EventDate "2024.06.01"]
[EventType "team-tourn"]
[EventCountry "FRA"]
[SourceTitle "playchess.com"]
[Source "ChessBase"]
[SourceQuality "1"]
[TimeControl "40/5400+30:1800+30"]

1. e4 c5 2. Nf3 d6 3. d4 cxd4 4. Nxd4 Nf6 5. Nc3 a6 6. h3 e5 7. Nb3 Be7 8. g4 h6 9. Be3 Nbd7 10. a4 Nf8 11. Qf3 Qc7 12. a5 Be6 13. Bd3 Qc6 14. O-O Ng6 15. Qg2 Nd7 16. Nd5 Bg5 17. c4 Nf6 18. Rac1 Rd8 19. Nd2 Bxd5 20. exd5 Qa4 21. Bxg5 hxg5 22. Bxg6 fxg6 23. Nf3 Nh7 24. c5 O-O 25. Rfd1 Qf4 26. Rc3 dxc5 27. Qg3 e4 28. Qxf4 gxf4 29. Ne5 Rd6 30. Rxc5 Re8 31. Nc4 Rdd8 32. d6 Nf6 33. g5 Nd7 34. Rc7 e3 35. fxe3 fxe3 36. Re1 e2 37. Kf2 Ne5 38. Rxe2 Rf8+ 39. Kg3 Nxc4 40. Rxc4 Rxd6 41. Re7 Rd3+ 42. Kg4 Rb3 43. Rcc7 Rb4+ 44. Kg3 Rb3+ 45. Kg4 Rb4+ 46. Kg3 Rb3+ 1/2-1/2

[Event "French Top 16-A 2024"]
[Site "Chartres"]
[Date "2024.06.02"]
[Round "4.16"]
[White "Broly, Mathilde"]
[Black "Hirth, Julien"]
[Result "0-1"]
[ECO "A24"]
[WhiteElo "2097"]
[BlackElo "2063"]
[Annotator "NA RC"]
[PlyCount "72"]
[EventDate "2024.06.01"]
[EventType "team-tourn"]
[EventCountry "FRA"]
[SourceTitle "playchess.com"]
[Source "ChessBase"]
[SourceQuality "1"]
[TimeControl "40/5400+30:1800+30"]

1. Nf3 Nf6 2. g3 g6 3. Bg2 Bg7 4. O-O O-O 5. c4 d6 6. Nc3 e5 7. d3 h6 8. Rb1 a5 9. a3 Re8 10. e4 Bg4 11. h3 Bxf3 12. Bxf3 Nc6 13. b4 axb4 14. axb4 Nh7 15. Bg2 Ng5 16. Nd5 Nd4 17. Bb2 Nge6 18. Qg4 c6 19. Nc3 h5 20. Qd1 Bh6 21. Bc1 Bxc1 22. Rxc1 Qb6 23. b5 Ra3 24. Re1 Rea8 25. bxc6 bxc6 26. Rb1 Qa5 27. Ne2 Ra2 28. Nxd4 Nxd4 29. Rb7 Rd2 30. Qb1 Qa2 31. Rb8+ Rxb8 32. Qxb8+ Kg7 33. Rf1 Qa3 34. Kh2 Qxd3 35. c5 Nf3+ 36. Bxf3 Qxf1 0-1

[Event "French Top 16-A 2024"]
[Site "Chartres"]
[Date "2024.06.03"]
[Round "5.1"]
[White "Amin, Bassem"]
[Black "Erigaisi Arjun"]
[Result "1/2-1/2"]
[ECO "A37"]
[WhiteElo "2683"]
[BlackElo "2762"]
[Annotator "TA"]
[PlyCount "22"]
[EventDate "2024.06.01"]
[EventType "team-tourn"]
[EventCountry "FRA"]
[SourceTitle "playchess.com"]
[Source "ChessBase"]
[SourceQuality "1"]
[TimeControl "40/5400+30:1800+30"]

1. Nf3 c5 2. g3 g6 3. Bg2 Bg7 4. O-O Nc6 5. c4 d6 6. Nc3 Bf5 7. h3 Qd7 8. Kh2 h5 (8... h6 $11) 9. d3 $14 Nd4 10. Nh4 Be6 11. e3 Nc6 {[%emt 0:20:22] White took control after the opening.   Weighted Error Value: White=0.06 (flawless) /Black=0.16 (very precise) .  Mistake:       	---       	Black=1      Inaccurate:     	---       	Black=1      OK:         	White=3     	Black=2} 1/2-1/2

[Event "French Top 16-A 2024"]
[Site "Chartres"]
[Date "2024.06.03"]
[Round "5.1"]
[White "Albornoz Cabrera, Carlos Daniel"]
[Black "Martirosyan, Haik M."]
[Result "1/2-1/2"]
[ECO "C67"]
[WhiteElo "2612"]
[BlackElo "2679"]
[Annotator "TA"]
[PlyCount "72"]
[EventDate "2024.06.01"]
[EventType "team-tourn"]
[EventCountry "FRA"]
[SourceTitle "playchess.com"]
[Source "ChessBase"]
[SourceQuality "1"]
[TimeControl "40/5400+30:1800+30"]

1. e4 e5 2. Nf3 Nc6 3. Bb5 Nf6 4. O-O Nxe4 5. Re1 Nd6 6. Nxe5 Be7 7. Bf1 Nxe5 8. Rxe5 O-O 9. d4 Bf6 10. Re1 Nf5 11. d5 d6 12. Nd2 h6 13. c3 Bd7 14. a4 a5 15. Qb3 b6 16. Ne4 Be5 17. f4 Bf6 18. Bb5 Bh4 19. g3 Be7 20. Bd2 h5 21. Qd1 g6 22. c4 Bxb5 23. axb5 Bf6 24. Nxf6+ Qxf6 25. Bc3 {[%emt 0:00:06] Inhibits Qd4+.} Qd8 26. Qd3 $36 {[%emt 0:07:58][%mdl 2048] Black is under pressure.} Qd7 27. h3 Rfe8 (27... Ng7 $14) 28. Kf2 $1 $16 {[%emt 0:01:21] And now g4 would win.} (28. g4 hxg4 29. hxg4 Nh6 $18) 28... Ng7 {[%emt 0:08:46] Black is weak on the dark squares} 29. Qd4 f5 {[%emt 0:00:01] [#]} 30. g4 {[%emt 0:21:41] White has more active pieces.} fxg4 (30... Rxe1 {keeps more tension.} 31. Rxe1 fxg4 32. hxg4 hxg4 33. Qf6 Qf7) 31. hxg4 Rf8 $2 {[%emt 0:01:23] [#]} (31... Rxe1 $11 32. Rxe1 hxg4) 32. Qxg7+ $2 (32. Re6 $1 $18 g5 (32... Nxe6 $2 {is the wrong capture.} 33. Qh8+ Kf7 34. dxe6+ Qxe6 35. Qd4 $18) 33. gxh5 (33. Rf6 Rxf6 34. Qxf6 Rf8 $11) 33... Rxf4+ (33... Nxe6 $2 {too greedy.} 34. dxe6 Qh7 35. Rg1 $18) 34. Qxf4 gxf4 35. Rg1) 32... Qxg7 $11 {[%emt 0:00:01] The position is equal.} 33. Bxg7 Kxg7 34. Re7+ Rf7 35. Rxf7+ Kxf7 36. g5 Re8 {[%emt 0:01:15] Weighted Error Value: White=0.21 (precise) /Black=0.26 (precise) .  Loses game:     	---       	Black=1      Missed win:     	White=1     	---        Mistake:       	White=1     	Black=1      Inaccurate:     	---       	Black=1      OK:         	White=10    	Black=8      Best:        	---       	Black=2      Strong:       	White=1     	---} 1/2-1/2

[Event "French Top 16-A 2024"]
[Site "Chartres"]
[Date "2024.06.03"]
[Round "5.2"]
[White "Harikrishna, Pentala"]
[Black "Laurent-Paoli, Pierre"]
[Result "1/2-1/2"]
[ECO "B85"]
[WhiteElo "2700"]
[BlackElo "2576"]
[Annotator "RC"]
[PlyCount "135"]
[EventDate "2024.06.01"]
[EventType "team-tourn"]
[EventCountry "FRA"]
[SourceTitle "playchess.com"]
[Source "ChessBase"]
[SourceQuality "1"]
[TimeControl "40/5400+30:1800+30"]

1. e4 c5 2. Nf3 e6 3. Nc3 Nc6 4. Be2 Nf6 5. O-O d6 6. d4 cxd4 7. Nxd4 Be7 8. Be3 O-O 9. Kh1 Bd7 10. Nb3 a6 11. f4 b5 12. a3 Rb8 13. g4 h6 14. Bf3 a5 15. Nd5 a4 16. Nxe7+ Qxe7 17. Nd2 Rbc8 18. Bg2 Nh7 19. b4 e5 20. f5 Nd4 21. Bxd4 exd4 22. Nf3 Bc6 23. Nxd4 Bxe4 24. Qe2 d5 25. Rad1 Nf6 26. Rd2 Rfe8 27. Nxb5 Qd7 28. Nd4 Rc3 29. Qb5 Qc7 30. Qxa4 Bxg2+ 31. Rxg2 Qc4 32. Rd1 Re4 33. Qa8+ Re8 34. Qa7 Rce3 35. Qc5 Qa2 36. g5 Re1+ 37. Rg1 Rxd1 38. Rxd1 hxg5 39. b5 Ne4 40. Qc6 Kf8 41. Kg2 Qxa3 42. Nb3 Qe7 43. Ra1 Nd6 44. Ra8 Qe4+ 45. Kg1 Qe3+ 46. Kg2 Qe2+ 47. Kg1 Nxf5 48. Rxe8+ Qxe8 49. Qc5+ Kg8 50. Nd2 Qe6 51. b6 Nd6 52. Kf1 Nc8 53. b7 Qa6+ 54. c4 Qxb7 55. cxd5 Qd7 56. Nc4 Ne7 57. d6 Qh3+ 58. Ke1 Qh4+ 59. Kd1 Qg4+ 60. Kc1 Ng6 61. Qd5 Qg1+ 62. Kc2 Qxh2+ 63. Kb3 Qh3+ 64. Kb4 Qd7 65. Qxg5 Nf8 66. Qe7 f6 67. Nb6 Qxe7 68. dxe7 1/2-1/2

[Event "French Top 16-A 2024"]
[Site "Chartres"]
[Date "2024.06.03"]
[Round "5.2"]
[White "Postny, Evgeny"]
[Black "Gharamian, Tigran"]
[Result "1/2-1/2"]
[ECO "E11"]
[WhiteElo "2602"]
[BlackElo "2588"]
[Annotator "TA"]
[PlyCount "49"]
[EventDate "2024.06.01"]
[EventType "team-tourn"]
[EventCountry "FRA"]
[SourceTitle "playchess.com"]
[Source "ChessBase"]
[SourceQuality "1"]
[TimeControl "40/5400+30:1800+30"]

1. d4 Nf6 2. c4 e6 3. Nf3 Bb4+ 4. Bd2 Qe7 5. Nc3 O-O 6. e3 b6 7. Bd3 Bb7 8. O-O d6 9. a3 Bxc3 10. Bxc3 Ne4 {[%emt 0:10:38] White has an edge.} 11. Bxe4 {[%emt 0:08:41] The position is equal.} Bxe4 12. Nd2 Bg6 13. e4 e5 14. f4 exf4 15. Rxf4 f5 16. exf5 Qe3+ 17. Rf2 {[%emt 0:00:05] [#] Black must now prevent Nf1.} Rxf5 18. Qe1 Qxf2+ 19. Qxf2 Rxf2 20. Kxf2 Nd7 21. Re1 Rf8+ 22. Kg1 a5 23. Re7 Rf7 24. Re8+ Rf8 25. Re7 {[%emt 0:01:50] An uneventful encounter.   Weighted Error Value: White=0.05 (flawless) /Black=0.01 (flawless) .  OK:         	White=4     	Black=12     Best:        	White=1     	---} 1/2-1/2

[Event "French Top 16-A 2024"]
[Site "Chartres"]
[Date "2024.06.03"]
[Round "5.3"]
[White "Van Foreest, Jorden"]
[Black "Bailet, Pierre"]
[Result "1-0"]
[ECO "E05"]
[WhiteElo "2665"]
[BlackElo "2492"]
[Annotator "TA"]
[PlyCount "81"]
[EventDate "2024.06.01"]
[EventType "team-tourn"]
[EventCountry "FRA"]
[SourceTitle "playchess.com"]
[Source "ChessBase"]
[SourceQuality "1"]
[TimeControl "40/5400+30:1800+30"]

1. Nf3 d5 2. g3 Nf6 3. Bg2 e6 4. O-O Be7 5. d4 O-O 6. c4 dxc4 7. Qc2 a6 8. a4 Bd7 9. Qxc4 Bc6 10. Bf4 Bd6 11. Qc1 a5 12. Nc3 Na6 {[%emt 0:03:57] The position is equal.} 13. Bd2 Nb4 14. Qb1 Bxf3 15. Bxf3 c6 16. Rd1 Qe7 17. Kg2 e5 18. Bg5 exd4 19. Rxd4 Be5 20. Rh4 {[%emt 0:03:37] Threatens to win with Bxf6.} h6 21. Ne4 Nbd5 (21... hxg5 22. Nxf6+ gxf6 23. Qh7#) 22. Nxf6+ Bxf6 23. Bxf6 Nxf6 24. b4 Rfd8 25. b5 Qe5 ({Better is} 25... g5 $14 26. Rxh6 Qe5 (26... g4 $2 27. Bxg4 Kg7 28. Rh3 $18)) 26. Ra3 Nd5 27. bxc6 bxc6 28. Qc1 Nb4 29. Re3 (29. Bxc6 $2 Rdc8 30. Rc3 (30. Rc4 $2 Rxc6 31. Rxc6 Qd5+ 32. f3 Qxc6 $19) 30... Rxc6 31. Rxc6 Qd5+ 32. e4 Qxc6 $19) 29... Qf6 30. Qc5 Nd5 {[%emt 0:08:01] Inhibits Rf4.} 31. Rd3 Nb4 32. Rdd4 Rxd4 33. Rxd4 Qg5 34. Qd6 {[%emt 0:00:56] White is more active.} Re8 35. Rg4 (35. Bxc6 Nxc6 36. Qxc6 Rxe2 $11) 35... Qe5 {[%emt 0:00:11] This move loses the game for Black.} (35... Qf5 $16 36. h4 (36. Qxh6 $2 {loses.} Qxg4 37. Qd6 Qf5 $19) 36... Qe6) 36. Qxh6 $18 f5 37. Rg5 Nc2 38. Bxc6 Ne1+ $2 (38... Rd8 39. Qg6 Rd6 40. Qe8+ (40. Qxf5 Qxf5 41. Rxf5 Rxc6 $16) 40... Qxe8 41. Bxe8 Rf6) 39. Kh3 Re7 {[%emt 0:00:35] [#]} 40. e4 $1 Nf3 (40... fxe4 41. Rxe5) 41. Bd5+ {[%emt 0:30:49] Weighted Error Value: White=0.09 (flawless) /Black=0.58.  Mistake:       	---       	Black=3      Inaccurate:     	White=1     	Black=1      OK:         	White=13    	Black=9      Best:        	White=2     	---} 1-0

[Event "French Top 16-A 2024"]
[Site "Chartres"]
[Date "2024.06.03"]
[Round "5.3"]
[White "Santos Latasa, Jaime"]
[Black "Moussard, Jules"]
[Result "1/2-1/2"]
[ECO "D36"]
[WhiteElo "2626"]
[BlackElo "2611"]
[Annotator "TA"]
[PlyCount "33"]
[EventDate "2024.06.01"]
[EventType "team-tourn"]
[EventCountry "FRA"]
[SourceTitle "playchess.com"]
[Source "ChessBase"]
[SourceQuality "1"]
[TimeControl "40/5400+30:1800+30"]

1. d4 Nf6 2. c4 e6 3. Nc3 d5 4. cxd5 exd5 5. Bg5 c6 6. e3 h6 7. Bh4 Be7 8. Bd3 O-O 9. Nge2 Re8 10. O-O Nbd7 11. Qc2 Nh5 12. Bxe7 Qxe7 13. Rab1 a5 14. Rbe1 Nb6 15. Nd1 Be6 16. f3 Rac8 17. Qc3 {[%emt 0:13:44] Black got outplayed after the opening.   Weighted Error Value: White=0.00 (flawless) /Black=0.04 (flawless) .  OK:         	White=3     	Black=1} 1/2-1/2

[Event "French Top 16-A 2024"]
[Site "Chartres"]
[Date "2024.06.03"]
[Round "5.4"]
[White "Movsesian, Sergei"]
[Black "Kunin, Vitaly"]
[Result "1-0"]
[ECO "C10"]
[WhiteElo "2618"]
[BlackElo "2525"]
[Annotator "TA"]
[PlyCount "81"]
[EventDate "2024.06.01"]
[EventType "team-tourn"]
[EventCountry "FRA"]
[SourceTitle "playchess.com"]
[Source "ChessBase"]
[SourceQuality "1"]
[TimeControl "40/5400+30:1800+30"]

1. e4 e6 2. d4 d5 3. Nc3 dxe4 4. Nxe4 Bd7 5. Nf3 Bc6 6. Bd3 Nd7 7. O-O Ngf6 8. Ned2 Be7 9. Re1 O-O 10. c3 a5 11. Bc2 b5 12. Qe2 {[%emt 0:04:53] White is slightly better.} Rb8 13. a4 b4 14. c4 {[%emt 0:08:28][%cal Od4d5] Threatens to win with d5!} Re8 15. Nb3 Ra8 16. Bf4 Bxf3 17. Qxf3 Bd6 {[%emt 0:00:14] Black is now going downhill.} (17... Qc8 $14) 18. Bg5 {[%emt 0:04:33] White is much more active. This pair of bishops is nice.} h6 19. Bh4 g5 (19... Ra7 $142) 20. Bg3 $16 Bxg3 21. fxg3 (21. hxg3 Kg7 $16) 21... Kg7 22. Re2 Ng8 (22... e5 $16) 23. Be4 $18 Ra7 {[%emt 0:00:11] Black is weak on the light squares} 24. Rf1 Re7 25. Bc2 Ra6 26. Ref2 {[%emt 0:01:29][%cal Rf3f7] Strongly threatening Qxf7+!} Qe8 27. Qd3 Nf8 28. h4 gxh4 29. gxh4 Kh8 30. Nc5 Rb6 31. Qg3 {[%emt 0:01:41] Hoping for Qe5+.} e5 (31... f6 $142 32. Re2 (32. Rxf6 Nxf6 33. Qe5 Rf7 $18) 32... Rg7) 32. dxe5 Qc6 (32... Rc6 {was called for.}) 33. Ne4 Qg6 {[%emt 0:00:11] [#]} (33... Ng6 $142 34. c5 (34. Rxf7 Qxc4 35. Rxe7 N8xe7 $18) 34... b3) 34. Ng5 $1 hxg5 (34... Qxc2 35. Nxf7+) 35. Bxg6 Rxg6 36. Rxf7 Rxf7 37. Rxf7 gxh4 38. Qxh4+ Rh6 {[%emt 0:00:07] [#]} 39. Qxh6+ $3 Nxh6 40. Rxf8+ Kg7 41. Ra8 {[%emt 0:30:08] Weighted Error Value: White=0.10 (very precise) /Black=0.51.  Mistake:       	---       	Black=6      Inaccurate:     	White=1     	Black=3      OK:         	White=12    	Black=5      Best:        	White=1     	---        Brilliant:      	White=1     	---} 1-0

[Event "French Top 16-A 2024"]
[Site "Chartres"]
[Date "2024.06.03"]
[Round "5.4"]
[White "Ganguly, Surya Shekhar"]
[Black "Hamdouchi, Hicham"]
[Result "1-0"]
[ECO "B33"]
[WhiteElo "2576"]
[BlackElo "2528"]
[Annotator "RC"]
[PlyCount "73"]
[EventDate "2024.06.01"]
[EventType "team-tourn"]
[EventCountry "FRA"]
[SourceTitle "playchess.com"]
[Source "ChessBase"]
[SourceQuality "1"]
[TimeControl "40/5400+30:1800+30"]

1. e4 c5 2. Nf3 Nc6 3. d4 cxd4 4. Nxd4 Nf6 5. Nc3 e5 6. Ndb5 d6 7. Bg5 a6 8. Na3 b5 9. Nd5 Be7 10. Bxf6 Bxf6 11. c3 O-O 12. Nc2 Bg5 13. a4 bxa4 14. Rxa4 a5 15. Bc4 Rb8 16. b3 Kh8 17. Nce3 Be6 18. O-O g6 19. Kh1 Bh6 20. Ra2 f5 21. exf5 gxf5 22. f4 Bg7 23. Qh5 Rb7 24. Rd2 e4 25. Rfd1 Qe8 26. Qe2 Qb8 27. h3 Qd8 28. Nb6 Bxc4 29. Nbxc4 Bxc3 30. Rxd6 Qc8 31. R6d5 Bb4 32. Qb2+ Rg7 33. Nd6 Bxd6 34. Rxd6 Ne7 35. Rd7 Qc5 36. Nd5 Kg8 37. Qe5 1-0